 Dungeon Crawl Stone Soup version 0.14-a0-1570-g671a4b6 (webtiles) character file.

3382 101 the Jinx (level 9, -8/39 HPs)
             Began as a Spriggan Enchanter on Dec 20, 2013.
             Was a Believer of Kikubaaqudgha.
             Killed from afar by Dowan (18 damage)
             ... with a stone arrow
             ... on Level 8 of the Dungeon.
             The game lasted 00:39:32 (8814 turns).

101 the Jinx (Spriggan Enchanter)                   Turns: 8814, Time: 00:39:33

HP  -8/39        AC  5     Str  7      XL: 9   Next: 53%
MP  24/29        EV 18     Int 15 (17) God: Kikubaaqudgha [**....]
Gold 397         SH  0     Dex 16      Spells:  4 memorised, 14 levels left

rFire  . . .     SeeInvis +     x - +2 cutlass (freeze)
rCold  + . .     Clarity  .     F - +2 robe {rC+}
rNeg   . . .     Conserve .     (shield restricted)
rPois  .         rCorr    .     (helmet restricted)
rElec  .         rRot     .     G - +0 cloak
SustAb . .       Spirit   .     (gloves unavailable)
rMut   .         Warding  .     (boots unavailable)
Saprov . . .     Stasis   .     (no amulet)
                                g - cursed ring of flight
                                i - ring of wizardry

@: very quick, quite resistant to hostile enchantments, very stealthy
A: unfitting armour, see invisible, herbivore 3, speed 3, slow metabolism 2
a: Receive Corpses, Renounce Religion, Evoke Flight


You were on level 8 of the Dungeon.
You worshipped Kikubaaqudgha.
Kikubaaqudgha was pleased with you.
You were not hungry.

You visited 2 branches of the dungeon, and saw 9 of its levels.

You collected 397 gold pieces.

Inventory:

Hand weapons
 a - a +1,+1 dagger
 s - a +3,+3 short sword
 x - a +2,+2 cutlass of freezing (weapon)
Missiles
 h - 33 poisoned needles
 y - 7 tomahawks (quivered)
Armour
 F - a +2 robe of cold resistance (worn)
 G - a +0 cloak (worn)
Magical devices
 b - a wand of frost (11)
 r - a wand of enslavement (9)
Comestibles
 k - 4 bread rations
 v - 2 apples
Scrolls
 f - 6 scrolls of remove curse
 l - 3 scrolls of identify
 m - a scroll of blinking
 q - a scroll of enchant armour {unknown}
 t - 2 scrolls of magic mapping
Jewellery
 g - a cursed ring of flight (right hand)
 i - a ring of wizardry (left hand)
 p - an uncursed ring of teleportation
 w - an uncursed ring of fire
Potions
 z - a potion of agility
Books
 c - a book of Maledictions

   Spells                             Type                      Level
   *Corona                            Hexes                        1
   Sure Blade                         Hexes/Charms                 2
   *Ensorcelled Hibernation           Hexes/Ice                    2
   *Confuse                           Hexes                        3
   Enslavement                        Hexes                        4
   *Invisibility                      Hexes                        6
 d - Kikubaaqudgha's Grimoire of Unholy Rites
   (Kikubaaqudgha gifted it to you on level 5 of the Dungeon)

   Spells                             Type                      Level
   Animate Skeleton                   Necromancy                   1
   Corpse Rot                         Necromancy                   2
   Sublimation of Blood               Necromancy                   2
   Regeneration                       Charms/Necromancy            3
   Control Undead                     Necromancy                   4
 e - a book of Power

   Spells                             Type                      Level
   Iskenderun's Mystic Blast          Conjuration                  4
   Venom Bolt                         Conjuration/Poison           5
   Bolt of Magma                      Conjuration/Fire/Earth       5
   Fulminant Prism                    Conjuration/Hexes            5
   Iron Shot                          Conjuration/Earth            6
   Orb of Destruction                 Conjuration                  7
 u - a book of Callings

   Spells                             Type                      Level
   Summon Small Mammal                Summoning                    1
   Call Imp                           Summoning                    2
   Call Canine Familiar               Summoning                    3
   Summon Scorpions                   Summoning/Poison             4
   Summon Ice Beast                   Ice/Summoning                4
 B - the Catalogue of Dark Arts
   (You found it on level 6 of the Dungeon)

   Spells                             Type                      Level
   Pain                               Necromancy                   1
   Animate Dead                       Necromancy                   4
   Twisted Resurrection               Necromancy                   5
   Death Channel                      Necromancy                   6


   Skills:
 - Level 6.0 Short Blades
 - Level 1.1 Throwing
 - Level 3.0 Dodging
 - Level 9.1 Stealth
 - Level 9.1 Spellcasting
 + Level 10.2 Hexes


You had 14 spell levels left.
You knew the following spells:

 Your Spells              Type           Power        Failure   Level  Hunger
a - Corona                Hex            #####..      1%          1    None
b - Ensorcelled Hibernat  Hex/Ice        ###...       1%          2    None
c - Confuse               Hex            #####...     1%          3    ##.....
d - Invisibility          Hex            #####...     10%         6    ######.


Dungeon Overview and Level Annotations

Branches:
Dungeon (8/16)             Temple (1/1) D:4
   Lair: D:8-11

Altars:
Ashenzari
Elyvilon
Kikubaaqudgha
Makhleb
Trog
Vehumet
Xom
Yredelemnul
the Shining One

Shops:
D:4 (

Annotations:
D:8 Dowan


Innate Abilities, Weirdness & Mutations

You are tiny and cannot use many weapons and most armour.
You have supernaturally acute eyesight.
You are a herbivore.
You cover ground extremely quickly.
You need consume almost no food.


Message History

Evoke which item? (* to show all) (? for menu, Esc to quit)
Zapping:
b - a wand of frost {zapped: 1}
Press: ? - help, Shift-Dir - straight line, f/p - Dowan
Aim: Dowan, wielding an elven dagger, wearing an elven robe and carrying a wand of flame {zapped: 6} (moving very quickly)
The puff of frost misses Dowan.
Dowan zaps a wand.
The puff of flame hits you!
* * * LOW HITPOINT WARNING * * *
Drink which item? (? for menu, Esc to quit)
You feel better.
Dowan mumbles some strange words.
Dowan blinks!
You see here a mace.
Dowan gestures wildly while chanting.
Dowan blinks!
There is a stone staircase leading up here.
You start resting.
Dowan says, "Magic will overcome all!"
Dowan casts a spell at you. The stone arrow hits you!
You die...
Kikubaaqudgha rasps: "You have failed me!
Welcome... death!"

#.....####......#######
#.......................
.............##.#######
##.#########.##.# ##.#
#.##.# ##.# #.##%# ##.#
##.##.## ##.# #......#
### #.# #..%..@# #.. #.#
#..(...# #). #.#
#......# #.. ..#
#.....e##############..
#..............)..%....
#......##############..
######## #.. #.. ###


You could see Dowan.

Vanquished Creatures
  Pikel (D:6)
  Grinder (D:4)
  A hippogriff (D:8)
  A necrophage (D:8)
  Edmund (D:3)
  An ice beast (D:6)
  A phantom (D:6)
  3 centaurs
  Duvessa (D:8)
  3 killer bees (D:7)
  8 wights
  A centaur zombie (D:7)
  3 jellies
  6 crimson imps
  Crazy Yiuf (D:6)
  A hound (D:6)
  2 orc priests
  2 iguanas
  3 orc wizards (D:5)
  A scorpion (D:5)
  5 worker ants
  An ogre skeleton (D:4)
  9 adders
  3 gnolls (D:7)
  2 giant mites
  5 worms
  5 giant geckos
  2 oozes (D:3)
  11 orcs
  2 ball pythons (D:1)
  A bat zombie (D:6)
  6 giant cockroaches
  12 goblins
  11 hobgoblins
  9 jackals
  15 bats
  A giant gecko skeleton (D:4)
  A giant newt (D:3)
  15 kobolds
  An orc skeleton (D:7)
  2 quokkas
  14 rats
  A rat skeleton (D:4)
  A plant (D:5)
177 creatures vanquished.

Vanquished Creatures (others)
  2 adders (D:2)
  An inept feature mimic (D:2)
3 creatures vanquished.

Grand Total: 180 creatures vanquished

Notes
Turn   | Place    | Note
--------------------------------------------------------------
     0 | D:1      | 101, the Spriggan Enchanter, began the quest for the Orb.
     0 | D:1      | Reached XP level 1. HP: 9/9 MP: 4/4
   429 | D:1      | Reached XP level 2. HP: 13/13 MP: 7/7
   781 | D:1      | Reached skill level 4 in Stealth
  1357 | D:1      | Learned a level 2 spell: Ensorcelled Hibernation
  1469 | D:2      | Reached XP level 3. HP: 3/16 MP: 9/9
  2145 | D:2      | Reached skill level 5 in Stealth
  2359 | D:2      | Reached XP level 4. HP: 17/21 MP: 12/12
  3020 | D:3      | Learned a level 3 spell: Confuse
  3177 | D:3      | Reached skill level 6 in Stealth
  3454 | D:4      | Found a staircase to the Ecumenical Temple.
  3465 | Temple   | Entered the Ecumenical Temple
  3481 | Temple   | Became a worshipper of Kikubaaqudgha
  3531 | D:4      | Noticed Edmund
  3634 | D:3      | Killed Edmund
  3634 | D:3      | Reached skill level 7 in Stealth
  3634 | D:3      | Reached XP level 5. HP: 10/24 MP: 4/14
  3815 | D:4      | Noticed Grinder
  4186 | D:4      | Killed Grinder
  4186 | D:4      | Reached skill level 5 in Short Blades
  4186 | D:4      | Reached skill level 8 in Stealth
  4186 | D:4      | Reached XP level 6. HP: 3/28 MP: 9/17
  4536 | D:4      | Found a glowing golden altar of the Shining One.
  4583 | D:4      | Found Onwism's Weapon Shoppe.
  4603 | D:4      | Reached XP level 7. HP: 29/32 MP: 19/19
  4651 | D:4      | Reached skill level 9 in Stealth
  4780 | D:5      | Entered Level 5 of the Dungeon
  4864 | D:5      | Acquired Kikubaaqudgha's first power
  4864 | D:5      | Received a gift from Kikubaaqudgha
  4865 | D:5      | Identified Kikubaaqudgha's Grimoire of Unholy Rites (Kikubaaqudgha gifted it to you on level 5 of the Dungeon)
  5142 | D:6      | Identified the Catalogue of Dark Arts
  5372 | D:6      | Reached skill level 5 in Spellcasting
  5418 | D:6      | Noticed Crazy Yiuf
  5428 | D:6      | Killed Crazy Yiuf
  5519 | D:6      | Noticed Pikel
  5704 | D:5      | Reached XP level 8. HP: 11/36 MP: 17/25
  7053 | D:6      | Killed Pikel
  7585 | D:7      | Reached XP level 9. HP: 39/39 MP: 29/29
  7985 | D:7      | Acquired Kikubaaqudgha's second power
  8550 | D:7      | Learned a level 6 spell: Invisibility
  8678 | D:8      | Found a radiant altar of Vehumet.
  8749 | D:8      | Reached skill level 10 in Hexes
  8767 | D:8      | Noticed Dowan
  8769 | D:8      | Noticed Duvessa
  8774 | D:8      | Killed Duvessa
  8814 | D:8      | Killed from afar by Dowan

Action                   |  1- 3 |  4- 6 |  7- 9 || total
-------------------------+-------+-------+-------++-------
Melee: Dagger            |    92 |    48 |    75 ||   215
       Short sword       |   105 |   160 |   205 ||   470
       Cutlass           |       |       |    26 ||    26
       Morningstar       |       |       |     3 ||     3
Throw: Dart              |    18 |     7 |       ||    25
       Tomahawk          |       |       |     1 ||     1
 Cast: Ensorcelled Hiber |       |    11 |    61 ||    72
       Confuse           |       |     4 |    24 ||    28
Evoke: Wand              |       |       |     2 ||     2
  Use: Potion            |     3 |     4 |     4 ||    11
       Scroll            |       |     2 |    11 ||    13
 Stab: Sleeping          |     7 |    11 |    43 ||    61
       Confused          |       |     3 |    16 ||    19
       Distracted        |       |     1 |     2 ||     3
